 Dungeon Crawl Stone Soup version 0.23.2-1-ga50397a6bc (webtiles) character file.

Game seed: 8847210655966625833

28852 Gargoyl the Cleaver (level 13, -6/160 HPs)
             Began as a Centaur Abyssal Knight on May 23, 2019.
             Was the Champion of Lugonu.
             Killed from afar by a frost giant (23 damage)
             ... with a bolt of cold
             ... in an ice cave.
             The game lasted 00:25:33 (13567 turns).

Gargoyl the Cleaver (Centaur Abyssal Knight)       Turns: 13567, Time: 00:25:34

Health: -6/160     AC: 26    Str: 24 (25) XL:     13   Next: 12%
Magic:  16/20      EV:  1    Int:  8 (11) God:    Lugonu [******]
Gold:   844        SH: 11    Dex: 10 (11) Spells: 12/12 levels left

rFire    . . .     SeeInvis .   B - +8 war axe "Qimim" {flame, rN+}
rCold    . . .     Gourm    .   l - +1 shield
rNeg     + + +     Faith    .   (armour currently unavailable)
rPois    +         Spirit   .   (helmet currently unavailable)
rElec    .         Reflect  .   (cloak currently unavailable)
rCorr    .         Harm     .   (gloves currently unavailable)
MR       +....     Clarity  +   (no barding) Stlth +.........NoTele +
                                p - amulet of regeneration
HPRegen  0.76/turn              n - ring of protection from magic
MPRegen  0.17/turn              y - ring of poison resistance

@: mighty, tree-form, very slightly contaminated, invisible
A: large, clarity, strong 1
a: Depart the Abyss, Bend Space, Banish, Corrupt, Enter the Abyss, Brand Weapon
With Distortion, Renounce Religion


You were in an ice cave.
You worshipped Lugonu.
Lugonu was exalted by your worship.
You were not hungry.
You were a tree.
You visited 2 branches of the dungeon, and saw 13 of its levels.
You visited the Abyss 1 time.
You also visited: Sewer and Ice Cave.

You collected 844 gold pieces.

Inventory:

Hand Weapons
 a - a +3 hand axe
 B - the +8 war axe "Qimim" (weapon) {flame, rN+}
   (You found it on level 8 of the Dungeon)

   It has been specially enchanted to burn those struck by it, causing extra
   injury to most foes and up to half again as much damage against particularly
   susceptible opponents.
   Big, fiery blades are also staple armaments of hydra-hunters.
   It protects you from negative energy.
 D - a +2 hand axe of venom
Missiles
 u - 6 silver tomahawks (quivered)
Armour
 b - a +0 helmet (melded)
 i - a +0 plate armour (melded)
 l - a +1 shield (worn)
 q - a scarf of resistance (melded)
 t - a +0 pair of gloves (melded)
Jewellery
 n - a ring of protection from magic (left branch)
 p - an amulet of regeneration (around neck)
 y - a ring of poison resistance (right branch)
 E - an uncursed ring of flight
Wands
 x - a wand of paralysis (20)
 F - a wand of flame (23)
 G - a wand of acid (11)
 H - a wand of iceblast (10)
Scrolls
 e - 7 scrolls of teleportation
 f - 5 scrolls of remove curse
 r - a scroll of identify
Potions
 d - 6 potions of brilliance
 g - 2 potions of haste
 h - 7 potions of heal wounds
 j - 7 potions of flight
 k - 2 potions of cancellation
 m - 12 potions of curing
 o - 2 potions of magic
 s - a potion of invisibility
 w - a potion of might
 z - 3 potions of agility
 C - a potion of lignification
Comestibles
 c - 28 rations
 v - 8 chunks of flesh


   Skills:
 + Level 8.2 Fighting
 + Level 10.8 Axes
 + Level 1.9 Throwing
 * Level 8.4 Armour
 * Level 6.8 Dodging
 + Level 5.1 Shields
 * Level 9.8 Invocations


You had 12 spell levels left.
You didn't know any spells.
Your spell library was empty.

Dungeon Overview and Level Annotations

Branches:
Dungeon (11/15)            Temple (0/1) D:5            Lair (2/6) D:11
    Orc (0/2) D:10
  Swamp: Lair:2-4    Shoals: Lair:2-4     Snake: Lair:2-4    Spider: Lair:2-4

Altars:
Elyvilon
Okawaru

Annotations:
Lair:2 1 transporter


Innate Abilities, Weirdness & Mutations

((You have hooves in place of feet.))
((Armour fits poorly on your strangely shaped body.))
((You cover ground very quickly.))
((You have extremely tough skin. (AC +3)))
((You are partially covered in thin metallic scales. (AC +2)))
You possess an exceptional clarity of mind.
Your muscles are strong. (Str +2)


Message History

You slash the frost giant! You burn the frost giant.
The frost giant is lightly wounded.
The frost giant hits you with a +0 battleaxe of freezing!!
* * * LOW HITPOINT WARNING * * *
The frost giant freezes you.
* * * LOW HITPOINT WARNING * * *
Unknown command.
Press: ? - help, Shift-Dir - straight line, f - frost giant
Aim: a frost giant, wielding a +0 battleaxe of freezing (lightly wounded, chance to defeat MR: 39%)
The frost giant resists with some effort.
You feel somewhat more hungry.
The frost giant hits you with a +0 battleaxe of freezing!!
* * * LOW HITPOINT WARNING * * *
The frost giant freezes you!
* * * LOW HITPOINT WARNING * * *
Unknown command.
You feel much better.
The frost giant gestures at you while chanting.
The bolt of cold hits you!!
You die... #..## .... #...
Y.† ##YY #hY

#C#
#♣##
##.#
##.#
#..#
#.##
#.##
##.###
#.#.##
#....#


You could see a frost giant, a polar bear and 4 yaks.

Vanquished Creatures
  A hydra (D:11)
  A centaur warrior (D:11)
  3 two-headed ogres
  2 death yaks (IceCv)
  An unseen horror (D:11)
  An ugly thing (D:11)
  A cyclops (D:11)
  5 spiny frogs
  Joseph (Lair:1)
  A gargoyle (D:10)
  2 komodo dragons
  A tengu conjurer (D:10)
  12 polar bears
  2 hornets (D:11)
  12 blink frogs
  A hippogriff (Lair:1)
  23 yaks
  A vampire (D:9)
  A basilisk (Lair:1)
  3 hungry ghosts
  4 water moccasins
  5 porcupines
  2 two-headed ogre zombies (D:10)
  3 sky beasts
  4 black bears
  5 ogres
  A necrophage (D:11)
  A phantom (D:9)
  16 ice beasts
  4 orc warriors
  22 wolves
  12 centaurs
  A crocodile (D:10)
  2 big kobolds (Sewer)
  10 bullfrogs
  A wyvern zombie (D:7)
  A troll zombie (D:10)
  A scorpion (D:11)
  9 howler monkeys
  7 electric eels
  A crimson imp (D:6)
  4 centaur skeletons
  8 orc priests
  A bullfrog skeleton (D:8)
  7 hounds
  8 jellies
  10 orc wizards
  Jessica (D:2)
  3 iguanas
  5 worker ants
  2 centaur simulacra (D:11)
  5 ogre zombies (D:10)
  A hound zombie (D:9)
  A hound skeleton (D:8)
  A worker ant zombie (D:11)
  12 adders
  10 river rats
  3 shadow imps
  5 white imps (D:11)
  2 worker ant simulacra (D:11)
  2 oozes
  An adder skeleton (D:6)
  5 worms
  2 dart slugs
  5 leopard geckos
  39 orcs
  6 ball pythons
  7 giant cockroaches
  4 goblins
  10 hobgoblins
  8 jackals
  7 quokkas
  6 bats
  4 frilled lizards
  2 goblin skeletons (D:10)
  3 goblin zombies (D:10)
  A hobgoblin skeleton (D:10)
  2 hobgoblin zombies (D:10)
  21 kobolds
  A leopard gecko skeleton (D:8)
  3 orc skeletons (D:10)
  12 orc zombies (D:10)
  A quokka zombie (D:8)
  25 rats
  A fungus (Lair:1)
  A plant (D:11)
455 creatures vanquished.

Vanquished Creatures (others)
  A gargoyle (D:10)
  2 polar bears (IceCv)
  A yak (IceCv)
  An orc warrior (D:10)
  An orc skeleton (D:10)
  3 fungi (D:11)
  A plant (D:11)
10 creatures vanquished.

Grand Total: 465 creatures vanquished

Notes
Turn   | Place    | Note
-------+----------+-------------------------------------------
     0 | Abyss:1  | Gargoyl the Centaur Abyssal Knight began the quest for the
                  | Orb.
     0 | Abyss:1  | Reached XP level 1. HP: 19/19 MP: 2/2
    33 | Abyss:1  | Noticed a starcursed mass
    34 | Abyss:1  | Gained mutation: You possess an exceptional clarity of
                  | mind. [potion of mutation]
    34 | Abyss:1  | Gained mutation: Your muscles are strong. (Str +2) [potion
                  | of mutation]
    34 | Abyss:1  | Gained mutation: You are partially covered in thin metallic
                  | scales. (AC +2) [potion of mutation]
    38 | D:1      | Escaped the Abyss
   244 | D:1      | Reached XP level 2. HP: 26/26 MP: 3/3
   282 | D:1      | Reached * piety under Lugonu
   457 | D:1      | Reached skill level 2 in Axes
   809 | D:1      | Reached skill level 1 in Dodging
   881 | D:1      | Reached XP level 3. HP: 30/31 MP: 4/4
  1199 | D:2      | Noticed Jessica
  1207 | D:2      | Killed Jessica
  1207 | D:2      | Reached XP level 4. HP: 23/40 MP: 5/5
  1885 | D:2      | Reached ** piety under Lugonu
  2076 | D:3      | Found an iron altar of Okawaru.
  2168 | D:3      | Found a glowing drain.
  2189 | D:3      | Reached XP level 5. HP: 14/46 MP: 5/7
  2226 | Sewer    | Entered a sewer
  2538 | Sewer    | Reached skill level 3 in Axes
  2613 | Sewer    | Reached XP level 6. HP: 41/52 MP: 8/8
  2613 | Sewer    | Reached *** piety under Lugonu
  3609 | D:4      | Reached XP level 7. HP: 59/59 MP: 9/9
  3824 | D:3      | Reached skill level 4 in Axes
  3824 | D:3      | Reached skill level 1 in Shields
  4127 | D:5      | Entered Level 5 of the Dungeon
  4134 | D:5      | Reached **** piety under Lugonu
  4261 | D:5      | Found a staircase to the Ecumenical Temple.
  5178 | D:6      | Reached XP level 8. HP: 48/67 MP: 11/11
  5369 | D:6      | Reached skill level 5 in Axes
  5554 | D:6      | Reached skill level 1 in Throwing
  5853 | D:6      | Reached skill level 5 in Invocations
  6263 | D:7      | Reached skill level 5 in Fighting
  6287 | D:7      | Reached XP level 9. HP: 55/74 MP: 12/12
  6604 | D:7      | Reached skill level 6 in Axes
  7084 | D:8      | Found a white marble altar of Elyvilon.
  7112 | D:8      | Reached skill level 5 in Armour
  7113 | D:8      | Reached ***** piety under Lugonu
  7618 | D:8      | Got a steaming war axe
  7619 | D:8      | Identified the +8 war axe "Qimim" {flame, rN+} (You found
                  | it on level 8 of the Dungeon)
  7893 | D:9      | You fall through a shaft!
  7893 | D:10     | Entered Level 10 of the Dungeon
  7928 | D:10     | Noticed a two-headed ogre
  7949 | D:10     | Reached XP level 10. HP: 39/83 MP: 14/14
  7949 | D:10     | Noticed a gargoyle
  7956 | D:10     | Banished a gargoyle
  7967 | D:10     | Reached skill level 7 in Axes
  8419 | D:10     | Found a staircase to the Orcish Mines.
  8420 | D:10     | Noticed a gargoyle
  8446 | D:10     | Killed a gargoyle
  8796 | D:10     | Killed a two-headed ogre
  9300 | D:10     | Reached skill level 8 in Axes
  9758 | D:11     | Noticed a two-headed ogre
  9765 | D:11     | Killed a two-headed ogre
  9765 | D:11     | Reached skill level 5 in Dodging
  9773 | D:11     | Reached XP level 11. HP: 73/90 MP: 16/16
  9871 | D:11     | Noticed a four-headed hydra
  9880 | D:11     | Killed a one-headed hydra
 10064 | D:11     | Found a staircase to the Lair.
 10213 | D:11     | Reached skill level 9 in Axes
 10225 | D:11     | Reached ****** piety under Lugonu
 10494 | D:11     | Noticed a centaur warrior
 10501 | D:11     | Killed a centaur warrior
 10518 | D:11     | Noticed a two-headed ogre
 10543 | D:11     | Killed a two-headed ogre
 10730 | D:11     | Noticed a cyan ugly thing
 10737 | D:11     | Killed a cyan ugly thing
 10742 | D:11     | Reached XP level 12. HP: 61/100 MP: 18/18
 11241 | Lair:1   | Entered Level 1 of the Lair of Beasts
 11535 | Lair:1   | Reached skill level 10 in Axes
 11537 | Lair:1   | Noticed Joseph
 11558 | Lair:1   | Killed Joseph
 12819 | Lair:2   | Found a frozen archway.
 12831 | Lair:2   | Found a transporter.
 12842 | IceCv    | Entered an ice cave
 13197 | IceCv    | Reached skill level 5 in Shields
 13369 | IceCv    | Noticed a death yak
 13375 | IceCv    | Reached XP level 13. HP: 81/107 MP: 20/20
 13539 | IceCv    | Noticed a frost giant
 13566 | IceCv    | HP: 2/160 [frost giant/+0 battleaxe of freezing (13)]
 13567 | IceCv    | Killed from afar by a frost giant

Skill      XL: |  1  2  3  4  5  6  7  8  9 10 11 12 |
---------------+-------------------------------------+-----
Axes           | 2 3 4 5 6 8 9 10 | 10.8
Dodging        | 1 2 3 4 5 6 |  6.8
Armour         | 2 3 4 5 6 7 8 |  8.4
Fighting       | 4 5 6 7 8 |  8.2
Invocations    | 3 4 5 6 7 8 9 |  9.8
Shields        | 1 2 3 4 5 |  5.1
Throwing       | 1 |  1.9

Action                   |  1- 3 |  4- 6 |  7- 9 | 10-12 | 13-15 || total
-------------------------+-------+-------+-------+-------+-------++-------
Melee: Hand axe          |    59 |   256 |   407 |       |       ||   722
       Kick              |     9 |    55 |   115 |   184 |    19 ||   382
       War axe           |       |       |    32 |   695 |    55 ||   782
Throw: Tomahawk          |       |       |    15 |    17 |       ||    32
Invok: Depart the Abyss  |     1 |       |       |       |       ||     1
       Banish            |       |       |       |     2 |     1 ||     3
  Use: Potion            |     1 |       |       |       |     6 ||     7
       Scroll            |       |    13 |     8 |     8 |       ||    29
  Eat: Chunk             |       |     7 |    11 |    18 |     1 ||    37
       Ration            |       |       |       |     1 |       ||     1
Armor: Leather armour    |    32 |     6 |       |       |       ||    38
       Plate armour      |       |   250 |   303 |   407 |    27 ||   987
Dodge: Dodged            |    35 |    27 |    31 |   103 |    11 ||   207
Block: Shield            |       |   102 |   199 |   347 |    22 ||   670
